 Dungeon Crawl Stone Soup version 0.28.0-53-g5a82cb258f (webtiles) character file.

Game seed: 14321256333204608900

110 buhh the Skirmisher (level 4, -1/33 HPs)
             Began as an Octopode Transmuter on June 18, 2022.
             Killed from afar by an orc wizard (12 damage)
             ... with a magic dart
             ... on level 4 of the Dungeon.
             The game lasted 00:05:58 (3036 turns).

buhh the Skirmisher (Octopode Transmuter)           Turns: 3036, Time: 00:05:59

Health: -1/33      AC:  1    Str:  9    XL:     4   Next: 91%
Magic:  16/16      EV: 13    Int: 17    God:
Gold:   162        SH:  0    Dex: 12    Spells: 6/7 levels left

rFire   . . .      SeeInvis .     - Unarmed
rCold   . . .      Faith    .   (no shield)
rNeg    . . .      Spirit   .   (helmet currently unavailable)
rPois   .          Reflect  .   (no amulet)
rElec   .          Harm     .   b - ring of willpower
rCorr   .          Rampage  .   f - ring of magical power
Will    +....                   (no ring)
Stlth   +++.......              (no ring)
HPRegen 0.11/turn               (no ring)
MPRegen 0.15/turn               (no ring)
                                (no ring)
                                (no ring)

@: appendages
A: tentacle spike 3, almost no armour, amphibious, 8 rings, camouflage 1,
gelatinous body 1, (nimble swimmer 1), tentacles
a: End Transformation


You were on level 4 of the Dungeon.
One of your tentacles had grown a beastly spike.
You visited 1 branch of the dungeon, and saw 4 of its levels.

You collected 198 gold pieces.
You spent 36 gold pieces at shops.

Inventory:

Missiles
 d - 3 poisoned darts
Jewellery
 b - a ring of willpower (left tentacle)
 f - a ring of magical power (right tentacle)
Scrolls
 c - a scroll of noise
 t - 2 scrolls of teleportation {!d}
 Q - a scroll of fog
Potions
 e - a potion of berserk rage {unknown}
 N - a potion of curing {!q!d}


   Skills:
 * Level 4.1 Fighting
 - Level 1.0 Throwing
 - Level 2.0 Dodging
 - Level 1.0 Stealth
 - Level 3.0 Unarmed Combat
 - Level 2.0 Spellcasting
 + Level 2.1 Transmutations


You had 6 spell levels left.
You knew the following spells:

 Your Spells              Type           Power      Damage    Failure   Level
a - Beastly Appendage     Tmut           18%        N/A       9%          1

Your spell library contained the following spells:

 Spells                   Type           Power      Damage    Failure   Level
 Wereblood                Tmut           9%         N/A       12%         2
 Sandblast                Erth           2%         2d4       19%         1
 Passwall                 Tmut/Erth      4%         N/A       19%         2
 Blink                    Tloc           2%         N/A       28%         2
 Static Discharge         Conj/Air       1%         N/A       28%         2
 Spider Form              Tmut/Pois      5%         N/A       36%         3
 Lesser Beckoning         Tloc           1%         N/A       50%         3
 Stone Arrow              Conj/Erth      2%         3d7       50%         3
 Ice Form                 Ice/Tmut       5%         N/A       77%         4
 Dispel Undead            Necr           1%         3d6       88%         4
 Sticky Flame             Conj/Fire      1%         2d3       88%         4
 Manifold Assault         Tloc           1%         N/A       99%         5


Dungeon Overview and Level Annotations

Branches:
Dungeon (4/15)
 Temple: D:4-7

Altars:

Shops:
D:1 *   D:2 ?

Annotations:
D:2 1 runed translucent door, exclusion: door, Crazy Yiuf
D:4 3 exclusions


Innate Abilities, Weirdness & Mutations

One of your tentacles has grown a beastly spike.
You cannot wear most types of armour.
You are amphibious.
You can wear up to eight rings at the same time.
Your skin changes colour to match your surroundings (Stealth+).
Your rubbery body absorbs attacks. (AC +1, EV +1)
((You are camouflaged when in or above water. (Stealth+)))
You have tentacles for arms and can constrict up to eight enemies at once.


Message History

An iguana comes into view.
The orc wizard mumbles some strange words.
The orc wizard flickers and vanishes!
Deactivating autopickup; reactivate with Ctrl-A.
Your tentacle spike disappears.
The orc hits you with a +0 whip.
A puff of flame appears from out of thin air!
The puff of flame hits you!
Casting: Beastly Appendage (safe; 9% risk of failure)
Press: ? - help, Q - select action, (/) - cycle Dir - look around, f - activate One of your tentacles grows a vicious spike.
Something hits you.
You miss something.
Your tentacle spike misses something.
Your tentacle-slap misses something.
Something hits you.
You closely miss something. You closely miss something.
Your squeeze misses something. Something hits you.
You tentacle-slap something but do no damage.
Your tentacle spike misses something.
You hear some strange, mumbled words.
A puff of flame appears from out of thin air!
The puff of flame hits you!
* * * LOW HITPOINT WARNING * * *
You tentacle-slap something but do no damage.
You squeeze something! Something hits you but does no damage.
It was a potion of curing.
You feel better.
N - 2 potions of curing Something hits you.
Really quaff
N - 2 potions of curing {!q!d}? [Y]es or [N]o only, please.
Really quaff
N - 2 potions of curing {!q!d}? [Y]es or [N]o only, please.
Really quaff
N - 2 potions of curing {!q!d}?
You feel better. Something hits you.
Really quaff
N - a potion of curing {!q!d}?
Okay, then.
You closely miss something.
You pierce something.
You squeeze something.
You hear some strange, mumbled words.
A magic dart appears from out of thin air!
The magic dart hits you!
You die...

#......l.#.##.##.#....####
#....###.#....[..#..#....#
#....# #...#.#####.<..##.#
#....# ###.#.#...#..### #
#....# #...#...#... ######
###l......### #o#...###
#{# ..# #@#...# #.#.. #
#.# #.# #.# ..# ###


You could see an iguana and an orc.

Vanquished Creatures
  An iguana (D:4)
  3 adders
  2 dart slugs (D:2)
  4 orcs
  2 ball pythons (D:1)
  2 endoplasms
  6 giant cockroaches
  A goblin (D:3)
  4 hobgoblins
  5 jackals (D:1)
  2 quokkas
  6 bats
  2 frilled lizards (D:1)
  5 kobolds
  3 rats
48 creatures vanquished.

Notes
Turn   | Place    | Note
-------+----------+-------------------------------------------
     0 | D:1      | buhh the Octopode Transmuter began the quest for the Orb.
     0 | D:1      | Reached XP level 1. HP: 13/13 MP: 3/3
   107 | D:1      | Reached XP level 2. HP: 17/19 MP: 3/5
   159 | D:1      | Reached skill level 2 in Fighting
   333 | D:1      | Found Deshrea's General Store.
   518 | D:1      | Bought a scroll of noise for 14 gold pieces
   518 | D:1      | Bought 4 poisoned darts for 22 gold pieces
   810 | D:2      | Reached XP level 3. HP: 25/25 MP: 4/6
  1313 | D:2      | Found a runed translucent door.
  1314 | D:2      | Noticed Crazy Yiuf
  1383 | D:2      | Found Nebidaosch's Magic Scroll Shop.
  1930 | D:3      | Reached skill level 3 in Fighting
  2220 | D:3      | Reached XP level 4. HP: 30/31 MP: 7/7
  2806 | D:4      | Reached skill level 4 in Fighting
  3036 | D:4      | Killed from afar by an orc wizard

Illustrated notes

Levels and vault maps discovered:
D:1:      dpeg_arrival_ternary, layout_rooms, serial_shops, nicolae_square_shop
D:2:      layout_loops_ring, serial_shops, nicolae_shop_statue_plus,
          uniq_crazy_yiuf_cottage
D:3:      minmay_angry_zag, layout_loops_ring, serial_bayou_lagoon_a
D:4:      layout_basic, minmay_mini_ossuary, uniq_pikel

Skill      XL: |  1  2  3  4 |
---------------+-------------+-----
Stealth        | 1 |  1.0
Fighting       | 2 3 4 |  4.1
Throwing       | 1 |  1.0
Dodging        | |  2.0
Unarmed Combat | |  3.0
Spellcasting   | |  2.0
Transmutations | |  2.1

Action                   |  1- 3 |  4- 6 || total
-------------------------+-------+-------++-------
Melee: Unarmed           |    77 |    17 ||    94
       Constrict         |    22 |     3 ||    25
       Kick              |    26 |     3 ||    29
       Tentacles         |     8 |     5 ||    13
       Punch             |     1 |       ||     1
Throw: Dart              |    17 |    26 ||    43
 Cast: Beastly Appendage |    25 |     3 ||    28
  Use: Scroll            |     5 |       ||     5
       Potion            |       |     2 ||     2
 Stab: Sleeping          |     3 |       ||     3
Armor: Skin              |     5 |     3 ||     8
Dodge: Dodged            |    55 |    11 ||    66
